 Dungeon Crawl Stone Soup version 0.21.1-1-g345015f (webtiles) character file.

29177 cultivahabas the Grappler (level 13, -5/125 HPs)
             Began as a Troll Monk on May 7, 2018.
             Was a High Priest of Nemelex Xobeh.
             Slain by an orc knight
             ... wielding a +0 war axe
              (14 damage)
             ... on level 2 of the Orcish Mines on May 8, 2018.
             The game lasted 01:17:02 (18312 turns).

cultivahabas the Grappler (Troll Monk)             Turns: 18312, Time: 01:17:10

Health: -5/125     AC:  9    Str: 22    XL:     13   Next: 13%
Magic:  20/20      EV: 10    Int:  6    God:    Nemelex Xobeh [*****.]
Gold:   1418       SH:  5    Dex: 16    Spells: 11/12 levels left

rFire    . . .     SeeInvis +     - Unarmed
rCold    . . .     Gourm    +   (no shield)
rNeg     . . .     Faith    .   Q - +0 troll leather armour
rPois    .         Spirit   .   S - +1 hat
rElec    .         Reflect  +   (no cloak)
rCorr    +         Harm     .   (gloves unavailable)
MR       .....                  (boots unavailable)
Stlth    ++........             q - +5 amulet of reflection
HPRegen  1.10/turn              D - ring of see invisible
MPRegen  0.17/turn              E - ring of resist corrosion

@: lethally poisoned (-5 -> -6)
A: large, unfitting armour, claws 3, horns 1, rugged brown scales 1, fast
metabolism 3, frail 1, gourmand, sense surroundings 1, regeneration 1, shaggy
fur 1, tough skin 2
a: Triple Draw, Deal Four, Stack Five, Renounce Religion


You were on level 2 of the Orcish Mines.
You worshipped Nemelex Xobeh.
Nemelex Xobeh was extremely pleased with you.
You were very full.

You visited 4 branches of the dungeon, and saw 17 of its levels.
You also visited: Ossuary.

You collected 1418 gold pieces.

Inventory:

Missiles
 e - 375 stones (quivered)
 A - 3 tomahawks of returning
Armour
 Q - a +0 troll leather armour (worn)
 S - a +1 hat (worn)
Jewellery
 l - an uncursed ring of ice
 q - a +5 amulet of reflection (around neck)
 w - an uncursed amulet of rage
 D - a ring of see invisible (left claw)
 E - a ring of resist corrosion (right claw)
 J - a +3 ring of dexterity
 T - a +6 ring of intelligence {unknown}
 X - a cursed ring of teleportation {unknown}
Wands
 h - a wand of polymorph (11)
 u - a wand of paralysis (23)
 y - a wand of enslavement (12)
 z - a wand of iceblast (6)
 K - a wand of random effects (34)
 L - a wand of acid (7)
 V - a wand of flame (29)
Scrolls
 i - a scroll of brand weapon
 j - 5 scrolls of teleportation
 k - a scroll of enchant weapon
 n - 5 scrolls of immolation
 B - 3 scrolls of fear
 F - 2 scrolls of remove curse
 P - 4 scrolls of identify
 W - a scroll of enchant armour
Potions
 c - 6 potions of brilliance
 d - 2 potions of lignification {unknown}
 f - 3 potions of haste
 g - 5 potions of curing
 o - 3 potions of resistance
 p - 2 potions of heal wounds
 r - 4 potions of cancellation
 s - 2 potions of invisibility
 t - 2 potions of magic
 x - a potion of might {unknown}
 H - a potion of ambrosia
 M - 3 potions of flight {unknown}
Miscellaneous
 a - an ornate deck of summoning {drawn: 2}
 m - a plain deck of escape {drawn: 1}
 G - a legendary deck of escape {drawn: 1}
 I - a plain deck of summoning {drawn: 2}
 O - a plain deck of destruction {drawn: 7}
 R - a plain deck of summoning {drawn: 3}
 U - a plain deck of destruction {drawn: 1}
 Z - a legendary deck of summoning {drawn: 3}
Comestibles
 b - 14 rations


   Skills:
 + Level 10.4 Fighting
 - Level 2.0 Throwing
 * Level 2.3 Armour
 - Level 2.4 Dodging
 - Level 1.0 Stealth
 + Level 13.4 Unarmed Combat
 * Level 11.7 Invocations


You had 11 spell levels left.
You knew the following spells:

 Your Spells              Type           Power        Failure   Level  Hunger
a - Summon Butterflies    Summ           #.......     50%         1    ##.....


Dungeon Overview and Level Annotations

Branches:
Dungeon (11/15)            Temple (1/1) D:5            Lair (3/6) D:8
  Snake (0/4) Lair:3          Orc (2/2) D:10
  Swamp: Lair:2-4    Shoals: Lair:2-4       Elf: Orc:2

Altars:
Ashenzari
Cheibriados
Dithmenos
Elyvilon
Fedhas
Gozag
Hepliaklqana
Kikubaaqudgha
Makhleb
Nemelex Xobeh
Okawaru
Qazlal
Ru
Sif Muna
Trog
Uskayaw
Vehumet
Wu Jian
Xom
Yredelemnul
Zin
The Shining One
Beogh

Shops:
D:7 [


Innate Abilities, Weirdness & Mutations

You are too large for most types of armour.
You have claws for hands.
Your metabolism is lightning-fast.
You like to eat raw meat.
Your natural rate of healing is unusually fast.
You are covered in fur. (AC +1)
You have very tough skin. (AC +2)
You have a pair of small horns on your head.
You are partially covered in rugged brown scales. (AC +1, +3% HP)
You are frail. (-10% HP)
You passively map a small area around you.


Message History

The troll dies!
The troll leather armour is intact enough to wear.
There is a sudden and violent explosion of flames!
The fireball engulfs the orc.
The orc dies!
The fireball engulfs you!
* * * LOW HITPOINT WARNING * * *
The ogre mage is encased in ice!
The ogre mage partially resists.
The ogre mage dies!
The cyclops is blasted with searing flames!
The searing flames burn away its fire resistance!
There is a sudden and violent explosion of flames!
The fireball engulfs the orc.
The orc dies!
You feel a surge of magic.
You feel sick.
You hear a shout!
You hear two shouts!
You hear a shout! x3
The cyclops throws a large rock.
The large rock hits you but does no damage.
The orc knight hits you with a war axe!
You die...
Your body glows with a rainbow of weird colours and disappears.

*#........ , ,
*#.......## * * #
*#.......# #.
##.##.....9## *
...#..........O# .,
* .....##....[..#...
, #...#..R.))).....
,
##.#.#...)§(§...O..,
#........o@.)[..)..
,
#.....o..c([.).....
,, ,
.......)..).)(OC...,
, ,
.....).............
...).)†.##.......$.
,
...).$.............
..o......#........
..o..<............
.......... ..... ,


You could see an orc knight, a two-headed ogre, an ogre mage, a cyclops, an orc
warrior (petrified), an ogre, a friendly rakshasa, a friendly yaktaur, a
friendly molten gargoyle and a friendly enchanted trident.

Vanquished Creatures
  Erolcha (Orc:1)
  2 two-headed ogres (D:11)
  A death knight (D:11)
  Sonja (D:10)
  A skeletal warrior (D:11)
  A wolf spider zombie (D:9)
  2 orc knights
  A cyclops (D:11)
  Psyche (D:10)
  Joseph (Lair:1)
  A gargoyle (D:10)
  5 black mambas
  2 spiny frogs (Lair:1)
  2 komodo dragons (Lair:1)
  A polar bear (Lair:3)
  A hornet (D:11)
  2 trolls
  Prince Ribbit (D:8)
  5 hippogriffs
  3 basilisks
  10 yaks
  Eustachio (D:4)
  A hungry ghost (D:9)
  2 wargs
  2 nagas (Lair:3)
  8 water moccasins
  2 ice beasts
  7 porcupines
  An eye of draining (D:11)
  7 orc warriors
  A phantom (D:4)
  A sky beast (D:9)
  A necrophage (D:8)
  3 ogres
  5 crocodiles
  2 centaurs
  2 big kobolds (D:10)
  11 bullfrogs
  2 scorpions
  3 electric eels (Lair:1)
  5 howler monkeys
  4 crimson imps
  6 bullfrog zombies
  4 centaur zombies
  A quasit (D:7)
  3 hounds
  A gnoll shaman (D:6)
  3 centaur skeletons
  10 orc priests
  Jessica (D:2)
  Terence (D:2)
  2 iguanas
  6 orc wizards
  12 worker ants
  3 killer bee zombies
  15 mummies (Ossuary)
  A howler monkey zombie (D:7)
  3 worker ant zombies (Ossuary)
  9 gnolls
  A river rat (D:3)
  13 adders
  2 shadow imps
  An ooze (D:4)
  6 adder zombies (Ossuary)
  2 adder skeletons
  A worm (D:2)
  3 dart slugs
  6 leopard geckos
  53 orcs
  7 giant cockroaches
  7 goblins
  6 hobgoblins
  7 jackals
  5 quokkas
  4 ball pythons
  7 frilled lizards
  A giant cockroach zombie (Ossuary)
  A jackal skeleton (D:7)
  A jackal zombie (Ossuary)
  15 kobolds
  A leopard gecko zombie (Ossuary)
  A quokka skeleton (D:4)
  2 quokka zombies (Ossuary)
  12 rats
  A fire vortex (Orc:1)
363 creatures vanquished.

Vanquished Creatures (collateral kills)
  2 orc warlords
  Harold (D:10)
  Fannar (Lair:2)
  3 two-headed ogres
  3 slime creatures (D:10)
  An orc knight (Orc:1)
  A phantasmal warrior (D:11)
  3 orc sorcerers
  Maurice (Orc:1)
  A gargoyle (D:11)
  A komodo dragon (Lair:2)
  5 trolls
  A hippogriff (D:10)
  A wraith (D:11)
  A warg (Orc:1)
  13 orc warriors
  A black bear (D:7)
  2 ogres
  4 centaurs (D:11)
  A bullfrog (D:7)
  A gnoll sergeant (D:7)
  A crimson imp (D:7)
  5 orc priests
  5 orc wizards
  A worker ant (D:7)
  A hound skeleton (D:8)
  2 gnolls (D:7)
  23 orcs
  A kobold (D:10)
87 creatures vanquished.

Vanquished Creatures (others)
  An ogre mage (Orc:2)
  A two-headed ogre (Orc:2)
  3 trolls (Orc:2)
  An orc warrior (Orc:1)
  3 ogres (Orc:2)
  An orc wizard (Orc:1)
  6 orcs
  3 bushes (D:8)
  A fire vortex (Orc:1)
  3 fungi (D:8)
  14 plants (D:8)
  2 withered plants (Ossuary)
39 creatures vanquished.

Grand Total: 489 creatures vanquished

Notes
Turn   | Place    | Note
-------+----------+-------------------------------------------
     0 | D:1      | cultivahabas the Troll Monk began the quest for the Orb.
     0 | D:1      | Reached XP level 1. HP: 22/22 MP: 0/0
   104 | D:1      | Reached XP level 2. HP: 27/29 MP: 1/1
   733 | D:2      | Reached XP level 3. HP: 29/37 MP: 2/2
  1091 | D:2      | Noticed Terence
  1104 | D:2      | Killed Terence
  1104 | D:2      | Reached skill level 4 in Unarmed Combat
  1104 | D:2      | Reached XP level 4. HP: 43/45 MP: 3/3
  1125 | D:2      | Noticed Jessica
  1134 | D:2      | Killed Jessica
  1354 | D:3      | Reached XP level 5. HP: 54/54 MP: 4/4
  1630 | D:3      | Reached skill level 5 in Unarmed Combat
  1895 | D:3      | Found a glowing drain.
  2111 | D:4      | Reached XP level 6. HP: 53/63 MP: 5/5
  2382 | D:4      | Found a sand-covered staircase.
  2391 | Ossuary  | Entered an ossuary
  2706 | Ossuary  | Reached skill level 5 in Fighting
  2706 | Ossuary  | Reached skill level 6 in Unarmed Combat
  2706 | Ossuary  | Reached XP level 7. HP: 31/72 MP: 6/6
  3244 | D:4      | Noticed Eustachio
  3264 | D:4      | Killed Eustachio
  3264 | D:4      | Reached skill level 7 in Unarmed Combat
  3696 | D:4      | Reached XP level 8. HP: 72/83 MP: 7/7
  3925 | D:5      | Entered Level 5 of the Dungeon
  4015 | D:5      | Found a staircase to the Ecumenical Temple.
  4055 | Temple   | Entered the Ecumenical Temple
  4281 | D:5      | Found a glowing golden altar of the Shining One.
  4419 | D:5      | Found a sparkling altar of Nemelex Xobeh.
  4430 | D:5      | Became a worshipper of Nemelex Xobeh the Trickster
  4430 | D:5      | Received a gift from Nemelex Xobeh
  4430 | D:5      | Received a gift from Nemelex Xobeh
  4430 | D:5      | Reached * piety under Nemelex Xobeh
  4430 | D:5      | Received a gift from Nemelex Xobeh
  4430 | D:5      | Reached ** piety under Nemelex Xobeh
  4513 | D:6      | Reached skill level 1 in Invocations
  4856 | D:6      | Reached skill level 8 in Unarmed Combat
  5391 | D:7      | Received a gift from Nemelex Xobeh
  5673 | D:7      | Reached XP level 9. HP: 86/92 MP: 10/10
  5675 | D:7      | Found Ruylad's Antique Armour Shoppe.
  6146 | D:7      | Received a gift from Nemelex Xobeh
  6170 | D:7      | Reached *** piety under Nemelex Xobeh
  6475 | D:8      | Reached skill level 5 in Invocations
  6540 | D:8      | Noticed a two-headed ogre
  6556 | D:8      | Killed a two-headed ogre
  6561 | D:8      | Noticed a two-headed ogre
  6570 | D:8      | HP: 3/93 [two-headed ogre/giant spiked club (30)]
  6577 | D:8      | Killed a two-headed ogre
  6577 | D:8      | Reached skill level 9 in Unarmed Combat
  7331 | D:8      | Reached XP level 10. HP: 88/104 MP: 12/14
  7353 | D:8      | Found a staircase to the Lair.
  7504 | D:8      | Learned a level 1 spell: Summon Butterflies
  7714 | D:8      | Found an ancient bone altar of Kikubaaqudgha.
  7718 | D:8      | Noticed Prince Ribbit
  7751 | D:8      | Killed Prince Ribbit
  7835 | D:8      | Reached skill level 10 in Unarmed Combat
  8836 | D:10     | Entered Level 10 of the Dungeon
  8866 | D:10     | Noticed Harold
  8890 | D:10     | Killed Harold
  9095 | D:10     | Noticed Psyche
  9144 | D:10     | Received a gift from Nemelex Xobeh
  9273 | D:10     | Reached XP level 11. HP: 67/113 MP: 16/16
  9613 | D:10     | Reached **** piety under Nemelex Xobeh
  9696 | D:10     | Reached skill level 11 in Unarmed Combat
 10103 | D:10     | Killed Psyche
 10113 | D:10     | Noticed Sonja
 10183 | D:10     | Found a roughly hewn altar of Beogh.
 10183 | D:10     | Found a staircase to the Orcish Mines.
 10197 | D:10     | Noticed an orc knight
 10214 | D:10     | Killed an orc knight
 10954 | D:11     | Found a labyrinth entrance.
 10993 | D:11     | Received a gift from Nemelex Xobeh
 11111 | D:11     | Found a shadowy altar of Dithmenos.
 11152 | D:11     | Noticed a phantasmal warrior
 11152 | D:11     | Noticed a skeletal warrior
 11154 | D:11     | Killed a phantasmal warrior
 11157 | D:11     | Noticed a death knight
 11285 | D:11     | Killed a death knight
 11824 | D:11     | Paralysed by a hornet for 2 turns
 11912 | D:11     | Noticed a two-headed ogre
 11919 | D:11     | Killed a two-headed ogre
 11919 | D:11     | Reached skill level 12 in Unarmed Combat
 12027 | D:11     | Noticed a two-headed ogre
 12103 | D:11     | Noticed an orc knight
 12150 | D:11     | Killed an orc knight
 12259 | D:11     | Killed a two-headed ogre
 12793 | D:11     | Killed a skeletal warrior
 12793 | D:11     | Reached skill level 10 in Invocations
 12793 | D:11     | Reached XP level 12. HP: 94/124 MP: 18/18
 13106 | D:10     | Killed Sonja
 13260 | Lair:1   | Entered Level 1 of the Lair of Beasts
 13473 | Lair:1   | Received a gift from Nemelex Xobeh
 13651 | Lair:1   | Reached skill level 1 in Throwing
 14137 | Lair:1   | Received a gift from Nemelex Xobeh
 14195 | Lair:1   | Noticed Joseph
 14203 | Lair:1   | Killed Joseph
 14797 | Lair:2   | Received a gift from Nemelex Xobeh
 14821 | Lair:2   | Reached ***** piety under Nemelex Xobeh
 14928 | Lair:2   | Noticed Fannar
 14951 | Lair:2   | Killed Fannar
 15757 | Lair:2   | Reached skill level 13 in Unarmed Combat
 15819 | Lair:2   | Found the +8 whip "Snakebite" {curare, rPois}
 16004 | Lair:3   | Received a gift from Nemelex Xobeh
 16088 | Lair:3   | Found a staircase to the Snake Pit.
 16142 | Lair:3   | Reached skill level 10 in Fighting
 16192 | Lair:3   | Received a gift from Nemelex Xobeh
 16974 | Lair:3   | Received a gift from Nemelex Xobeh
 17341 | Lair:3   | Gained mutation: Your spells are a little harder to cast, but a little more powerful. [potion of mutation]
 17341 | Lair:3   | Gained mutation: Your magical capacity is low. (-10% MP) [potion of mutation]
 17341 | Lair:3   | Gained mutation: You have a pair of small horns on your head. [potion of mutation]
 17341 | Lair:3   | Gained mutation: You are partially covered in rugged brown scales. (AC +1, +3% HP) [potion of mutation]
 17342 | Lair:3   | Lost mutation: Your spells are a little harder to cast, but a little more powerful. [potion of mutation]
 17342 | Lair:3   | Lost mutation: Your magical capacity is low. (-10% MP) [potion of mutation]
 17342 | Lair:3   | Gained mutation: You are frail. (-10% HP) [potion of mutation]
 17342 | Lair:3   | Gained mutation: You passively map a small area around you. [potion of mutation]
 17541 | Orc:1    | Entered Level 1 of the Orcish Mines
 17541 | Orc:1    | Noticed Erolcha
 17544 | Orc:1    | Paralysed by Erolcha for 7 turns
 17551 | Orc:1    | Noticed Maurice
 17551 | Orc:1    | Noticed an orc warlord
 17551 | Orc:1    | Killed Erolcha
 17560 | Orc:1    | Killed an orc warlord
 17566 | Orc:1    | Killed Maurice
 17892 | Orc:1    | Noticed an orc warlord
 17982 | D:10     | Killed an orc warlord
 18282 | Orc:2    | Entered Level 2 of the Orcish Mines
 18282 | Orc:2    | Received a gift from Nemelex Xobeh
 18299 | Orc:2    | Reached skill level 1 in Armour
 18302 | Orc:2    | Noticed a two-headed ogre
 18303 | Orc:2    | Noticed an ogre mage
 18305 | Orc:2    | Noticed an ogre mage
 18307 | Orc:2    | Noticed a two-headed ogre
 18308 | Orc:2    | Reached XP level 13. HP: 115/125 MP: 20/20
 18312 | Orc:2    | Slain by an orc knight

Skill      XL: |  1  2  3  4  5  6  7  8  9 10 11 12 13 |
---------------+----------------------------------------+-----
Fighting       | 3 4 5 6 7 8 9 10 | 10.4
Unarmed Combat | 4 5 6 7 8 9 10 12 13 | 13.4
Invocations    | 3 6 8 10 11 | 11.7
Throwing       | 2 |  2.0
Armour         | 1 2 |  2.3
Dodging        | |  2.4
Stealth        | |  1.0

Action                   |  1- 3 |  4- 6 |  7- 9 | 10-12 | 13-15 || total
-------------------------+-------+-------+-------+-------+-------++-------
Melee: Unarmed           |    80 |   159 |   312 |   585 |       ||  1136
       Punch             |       |     7 |    15 |    35 |       ||    57
       Headbutt          |       |       |       |    13 |       ||    13
Throw: Stone             |       |       |     2 |    37 |       ||    39
       Large rock        |       |       |       |    13 |       ||    13
       Tomahawk          |       |       |       |     2 |       ||     2
Invok: Triple Draw       |       |       |     1 |       |       ||     1
       Deal Four         |       |       |       |     1 |       ||     1
Evoke: Deck              |       |       |     7 |    36 |     2 ||    45
       Wand              |       |       |       |    11 |       ||    11
  Use: Scroll            |       |     2 |    12 |    23 |       ||    37
       Potion            |       |       |       |     9 |       ||     9
 Stab: Sleeping          |     5 |     5 |     2 |     2 |       ||    14
       Distracted        |       |     1 |     2 |     1 |       ||     4
       Paralysed         |       |       |       |     8 |       ||     8
       Petrified         |       |       |       |     4 |       ||     4
  Eat: Chunk             |    15 |    11 |    41 |    87 |       ||   154
       Ration            |       |       |     1 |     6 |       ||     7
Armor: Robe              |    18 |    37 |    50 |   105 |       ||   210
       Troll leather arm |       |       |       |     4 |     3 ||     7
Dodge: Dodged            |    21 |    68 |    96 |   201 |     4 ||   390
Block: Other             |       |       |    21 |   118 |     4 ||   143
       Reflection        |       |       |       |    17 |       ||    17
